 Dungeon Crawl Stone Soup version 0.19.0-11-g3fc08b3 (webtiles) character file.

72 tv1990 the Bolt Thrower (level 4, -1/32 HPs)
             Began as a Formicid Arcane Marksman on Nov 9, 2016.
             Slain by a kobold
             ... wielding a +0 whip
              (4 damage)
             ... on level 2 of the Dungeon.
             The game lasted 00:04:31 (1378 turns).

tv1990 the Bolt Thrower (Formicid Arcane Marksman)  Turns: 1378, Time: 00:04:31

Health: -1/32      AC:  3    Str: 16    XL:     4   Next: 48%
Magic:  5/5        EV: 11    Int: 12    God:
Gold:   50         SH:  0    Dex: 11    Spells: 1 memorised, 4 levels left

rFire  . . .     SeeInvis +     a - +0 hand crossbow
rCold  . . .     Gourm    .     p - +0 leather armour
rNeg   . . .     Faith    .     (no shield)
rPois  .         Spirit   .     (helmet unavailable)
rElec  .         Reflect  .     (no cloak)
rCorr  .         Harm     .     (no gloves)
MR     .....                    (no boots)
Stlth  +.........               (no amulet)
                                (no ring)
                                (no ring)

@: no status effects
A: permanent stasis, dig shafts and tunnels, four strong arms, antennae 3
a: Dig, Shaft Self


You were on level 2 of the Dungeon.
You were not hungry.

You visited 1 branch of the dungeon, and saw 2 of its levels.

You collected 50 gold pieces.

Inventory:

Hand Weapons
 a - a +0 hand crossbow (weapon)
 k - a +1 dagger of venom
 l - a +1 hand axe of flaming
Missiles
 d - a bolt (quivered)
Armour
 e - a +0 robe
 p - a +0 leather armour (worn)
Jewellery
 r - an uncursed ring of flight {unknown}
Scrolls
 g - a scroll of teleportation {unknown}
 i - a scroll of fear {unknown}
 j - 2 scrolls of fog {unknown}
 o - a scroll of identify {unknown}
 t - a scroll of remove curse {unknown}
Potions
 m - a potion of degeneration {unknown}
 n - a potion of invisibility {unknown}
 q - a potion of curing {unknown}
Books
 c - a book of Debilitation

   Spells                             Type                      Level
   a - Corona                         Hexes                        1
   b - Slow                           Hexes                        2
   c - Gell's Gravitas                Hexes/Translocation          3
   d - Inner Flame                    Hexes/Fire                   3
   e - Cause Fear                     Hexes                        4
   f - Leda's Liquefaction            Hexes/Earth                  4
Comestibles
 b - a slice of pizza
 f - 2 bread rations
 h - 2 chunks of flesh
 s - a beef jerky


   Skills:
 - Level 1.1 Fighting
 + Level 4.4 Crossbows
 - Level 1.7 Dodging
 - Level 1.1 Spellcasting
 - Level 3.6 Hexes


You had 4 spell levels left.
You knew the following spells:

 Your Spells              Type           Power        Failure   Level  Hunger
a - Corona                Hex            #......      12%         1    ##.....


Dungeon Overview and Level Annotations

Branches:
Dungeon (2/15)

Altars:


Innate Abilities, Weirdness & Mutations

You are under a permanent stasis effect.
You can dig through walls and to a lower floor.
Your four strong arms can wield two-handed weapons with a shield.
You have a pair of large antennae on your head. (SInv)


Message History

You barely miss the kobold. The kobold hits you with a whip.
* * * LOW HITPOINT WARNING * * *
You miss the kobold. The kobold hits you with a whip.
* * * LOW HITPOINT WARNING * * *
Wield which item (- for none, * to show all)? (? for menu, Esc to quit)
Your +1 dagger of venom stops dripping with poison.
a - a +0 hand crossbow (weapon)
Firing (i - inventory):
d - 3 bolts (quivered)
Press: ? - help, Shift-Dir - straight line, f - kobold
Aim: a kobold, wielding a whip You shoot a bolt.
The bolt closely misses the kobold.
The kobold hits you but does no damage.
Firing (i - inventory):
d - 2 bolts (quivered)
Press: ? - help, Shift-Dir - straight line, f/p - kobold
Aim: a kobold, wielding a whip You shoot a bolt.
The bolt closely misses the kobold.
The kobold hits you with a whip.
* * * LOW HITPOINT WARNING * * *
The kobold hits you with a whip.
You die...

#.......).# #......
#..#......###.#....
...#..........#.... #.
#.###.##.#####.. #. #.###.##.#
#.. #.##...<.##.# #.. ########
#...........# #.# .[.<...#
##......##### #.
###.#..#.#######@#.##.########
#
#.............K.#.##...>.....
.
#..#..#.#########.###########
# #.#.#...# #.# #.###.### #.#
#.....# #.. ##.#.#.# ###
.......# ##.#.##############


You could see a kobold.

Vanquished Creatures
  Terence (D:2)
  A worm (D:2)
  A dart slug (D:1)
  4 leopard geckos
  A giant cockroach (D:1)
  5 goblins
  6 hobgoblins
  4 jackals (D:1)
  A ball python (D:1)
  3 bats
  A frilled lizard (D:1)
  3 kobolds (D:1)
  8 rats (D:1)
39 creatures vanquished.

Notes
Turn   | Place    | Note
-------+----------+-------------------------------------------
     0 | D:1      | tv1990 the Formicid Arcane Marksman began the quest for the Orb.
     0 | D:1      | Reached XP level 1. HP: 15/15 MP: 2/2
   161 | D:1      | Reached XP level 2. HP: 17/21 MP: 3/3
   307 | D:1      | Reached skill level 3 in Crossbows
   408 | D:1      | Reached XP level 3. HP: 20/26 MP: 4/4
  1087 | D:2      | Noticed Terence
  1116 | D:2      | Killed Terence
  1116 | D:2      | Reached skill level 4 in Crossbows
  1116 | D:2      | Reached XP level 4. HP: 26/32 MP: 5/5
  1378 | D:2      | Slain by a kobold

Skill      XL: |  1  2  3 |
---------------+----------+-----
Crossbows      | 3 4 |  4.4
Fighting       | |  1.1
Dodging        | |  1.7
Spellcasting   | |  1.1
Hexes          | |  3.6

Action                   |  1- 3 |  4- 6 || total
-------------------------+-------+-------++-------
Melee: Dagger            |    14 |    27 ||    41
       Unarmed           |     8 |       ||     8
 Fire: Hand crossbow     |    78 |     2 ||    80
  Eat: Chunk             |       |     1 ||     1
Armor: Robe              |     7 |       ||     7
       Leather armour    |       |     4 ||     4
Dodge: Dodged            |    25 |    15 ||    40

Table legend:
 A = Turns spent in this place as a percentage of turns spent in the entire game.
 B = Non-inter-level travel turns spent in this place as a percentage of non-inter-level travel turns spent in the entire game.
 C = Inter-level travel turns spent in this place as a percentage of turns spent in this place.
 D = Turns resting spent in this place as a percentage of non-inter-level travel turns spent in this place.
 E = Turns spent auto-exploring this place as a percentage of non-inter-level travel turns spent in this place.
 F = Non-inter-level travel turns spent in this place divided by the number of levels of this place that you've seen.
                   A       B       C       D       E      F
               +-------+-------+-------+-------+-------+----------------------
         Total | 100.0 | 100.0 |   0.3 |   0.0 |  25.3 | 148.5
       Dungeon | 100.0 | 100.0 |   0.3 |   0.0 |  25.3 | 148.5
               +-------+-------+-------+-------+-------+----------------------

Table legend:
 A = Kills in this place as a percentage of kills in entire the game.
 B = Kills by you in this place as a percentage of kills by you in the entire game.
 C = Kills by friends in this place as a percentage of kills by friends in the entire game.
 D = Other kills in this place as a percentage of other kills in the entire game.
 E = Experience gained in this place as a percentage of experience gained in the entire game.
 F = Experience gained in this place divided by the number of levels of this place that you have seen.
                   A       B       C       D       E      F
               +-------+-------+-------+-------+-------+----------------------
         Total | 100.0 | 100.0 |  -nan |  -nan | 100.0 |  51.5
       Dungeon | 100.0 | 100.0 |  -nan |  -nan | 100.0 |  51.5
               +-------+-------+-------+-------+-------+----------------------

Vault maps used:
D:1:      shiori_arrival_elements, st_stairs_14
D:2:      first_bread, nicolae_gozag_seed_capital, uniq_terence
